 Dungeon Crawl Stone Soup version 0.28-a0-580-ga2639ab843 (webtiles) character file.

Game seed: 2655958082560452679

419 iamoutofideas the Cleaver (level 6, -3/50 HPs)
             Began as a Hill Orc Gladiator on Oct 3, 2021.
             Splashed by a jelly's acid (9 damage)
             ... on level 4 of the Dungeon.
             The game lasted 00:06:31 (5563 turns).

iamoutofideas the Cleaver (Hill Orc Gladiator)      Turns: 5563, Time: 00:06:31

Health: -3/50      AC:  0    Str: 19    XL:     6   Next: 93%
Magic:  6/6        EV: 12    Int:  8    God:
Gold:   184        SH:  0    Dex: 12    Spells: 5/5 levels left

rFire   . . .      SeeInvis +   a - +0 war axe
rCold   . . .      Faith    .   (no shield)
rNeg    . . .      Spirit   .   b - +0 leather armour
rPois   .          Reflect  .   c - +0 helmet
rElec   .          Harm     .   (no cloak)
rCorr   .          Rampage  .   (no gloves)
Will    .....                   (no boots)
Stlth   +.........              (no amulet)
HPRegen 0.16/turn               m - ring of see invisible
MPRegen 0.10/turn               (no ring)

@: corroded
A: no striking features
a: no special abilities


You were on level 4 of the Dungeon.
You visited 1 branch of the dungeon, and saw 5 of its levels.

You collected 184 gold pieces.

Inventory:

Hand Weapons
 a - a +0 war axe (weapon)
Missiles
 d - 3 throwing nets (quivered)
Armour
 b - a +0 leather armour (worn)
 c - a +0 helmet (worn)
 n - a +0 chain mail
Jewellery
 m - a ring of see invisible (left hand)
Wands
 e - a wand of paralysis (10)
Scrolls
 f - 2 scrolls of magic mapping
 i - a scroll of fear
 j - a scroll of summoning {unknown}
 k - a scroll of vulnerability
Potions
 g - a potion of resistance {unknown}
 h - a potion of lignification {unknown}
 l - 2 potions of curing
 p - 2 potions of might


   Skills:
 - Level 2.5 Fighting
 + Level 9.5 Axes
 - Level 1.8 Throwing
 - Level 0.8 Armour
 - Level 2.8 Dodging


You had 5 spell levels left.
You didn't know any spells.
Your spell library contained the following spells:

 Spells                   Type           Power      Damage    Failure   Level
 Summon Small Mammal      Summ           0%         N/A       45%         1
 Call Canine Familiar     Summ           0%         N/A       83%         3
 Summon Guardian Golem    Hex/Summ       0%         N/A       83%         3


Dungeon Overview and Level Annotations

Branches:
Dungeon (5/15)
 Temple: D:4-7

Altars:
Nemelex Xobeh

Shops:
D:2 *

Annotations:
D:2 exclusion: downstairs
D:3 exclusion: downstairs, iamoutofideas's ghost, amateur HOGl
D:5 Prince Ribbit


Message History

Prince Ribbit gives a loud, deep croak!
You hear a shout!
A shadow imp comes into view.
The shadow imp moves out of view.
Prince Ribbit is nearby!
Prince Ribbit blinks!
There are monsters nearby!
There are monsters nearby!
Prince Ribbit hits you! The shadow imp hits you. Prince Ribbit hits you!
The shadow imp lashes its tail.
Prince Ribbit closely misses you.
Prince Ribbit blinks!
Prince Ribbit blinks!
The shadow imp gestures at you.
You barely resist. Prince Ribbit barely misses you.
Prince Ribbit catches a baby bat with his tongue.
Prince Ribbit hits you!
The shadow imp sputters.
Prince Ribbit misses you. Prince Ribbit hits you!
* * * LOW HITPOINT WARNING * * *
Prince Ribbit blinks!
A jelly comes into view.
The shadow imp summons a swarm of flies.
Prince Ribbit blinks!
The jelly hits you but does no damage. The jelly hits you.
* * * LOW HITPOINT WARNING * * *
The acid corrodes you!
You are splashed with acid.
* * * LOW HITPOINT WARNING * * *
There is a stone staircase leading up here.
The jelly barely misses you.
You climb upwards.
There is a stone staircase leading down here.
Unknown command.
The jelly hits you.
* * * LOW HITPOINT WARNING * * *
You are splashed with acid!
You die...

#####...........
#...#...........
################...#...........
#............##................
#......).....##................
#............#......#####....##
#............#.>...............
#............#.J.............##
#............#@..............#
#............#...###.........#
#............#...# #.....###.#
#............#...###.....# #.#
#......>....(.....##.....###.##
###....#..........##.....#.....
#....#..........##.....#...!.
##....#.................#.....
#.....#...............###.....


You could see a jelly.

Vanquished Creatures
  An ogre (D:4)
  A howler monkey (D:4)
  A bullfrog zombie (D:5)
  A jelly (D:4)
  A centaur zombie (D:5)
  An iguana (D:4)
  A hound skeleton (D:4)
  Robin (D:3)
  5 adders
  3 worms
  2 dart slugs (D:1)
  6 orcs (D:3)
  3 ball pythons
  6 bats
  9 endoplasms
  A giant cockroach (D:4)
  13 goblins
  10 hobgoblins
  6 jackals
  6 kobolds
  A quokka (D:1)
  4 frilled lizards
  5 rats
88 creatures vanquished.

Notes
Turn   | Place    | Note
-------+----------+-------------------------------------------
     0 | D:1      | iamoutofideas the Hill Orc Gladiator began the quest for
                  | the Orb.
     0 | D:1      | Reached XP level 1. HP: 18/18 MP: 1/1
   199 | D:1      | Reached XP level 2. HP: 19/25 MP: 2/2
   619 | D:1      | Found a faded altar of an unknown god.
   759 | D:1      | Reached XP level 3. HP: 18/30 MP: 3/3
  1196 | D:2      | Found Toodwo's General Store.
  1297 | D:2      | Reached skill level 5 in Axes
  1488 | D:2      | Reached XP level 4. HP: 29/37 MP: 4/4
  1867 | D:3      | Reached skill level 6 in Axes
  2387 | D:3      | Noticed Robin
  2398 | D:3      | Killed Robin
  2399 | D:3      | Reached XP level 5. HP: 33/42 MP: 5/5
  2501 | D:3      | Found a sparkling altar of Nemelex Xobeh.
  2562 | D:3      | Reached skill level 7 in Axes
  2901 | D:3      | Noticed iamoutofideas's ghost (amateur HOGl)
  2902 | D:3      | Found a runed translucent door.
  3451 | D:4      | Reached skill level 8 in Axes
  3451 | D:4      | Reached XP level 6. HP: 33/50 MP: 6/6
  4154 | D:4      | HP: 2/50 [frozen (3)]
  4790 | D:4      | HP: 1/50 [ogre (19)]
  4798 | D:4      | Reached skill level 9 in Axes
  5410 | D:5      | Entered Level 5 of the Dungeon
  5523 | D:5      | Noticed Prince Ribbit
  5563 | D:4      | Splashed by a jelly's acid

Illustrated notes

Levels and vault maps discovered:
D:1:      roderic_chinese_lattice_arrival, layout_rooms,
          shapermc_ecumenical_altar_mp_urbaneastern, chequers_jeans
D:2:      layout_rooms, serial_shops, nicolae_shop_crystal
D:3:      layout_loops_ring, mainiacjoe_overflow_alcove_2,
          gammafunk_ghost_grave, uniq_robin
D:4:      cheibrodos_quashed, layout_basic, minmay_bisected
D:5:      black_bear_nest_2, layout_layer_cave, uniq_pikel, uniq_prince_ribbit1

Skill      XL: |  1  2  3  4  5  6 |
---------------+-------------------+-----
Axes           | 5 6 8 9 |  9.5
Fighting       | |  2.5
Throwing       | |  1.8
Armour         | |  0.8
Dodging        | |  2.8

Action                   |  1- 3 |  4- 6 || total
-------------------------+-------+-------++-------
Melee: War axe           |    99 |   149 ||   248
  Use: Scroll            |       |     6 ||     6
       Potion            |       |     2 ||     2
 Stab: Sleeping          |     1 |       ||     1
Armor: Leather armour    |    35 |    43 ||    78
Dodge: Dodged            |    63 |   125 ||   188

Table legend: (Time is in decaauts)
 A = Elapsed time spent in this place.
 B = Non-inter-level travel time spent in this place.
 C = Inter-level travel time spent in this place.
 D = Time resting spent in this place.
 E = Time spent auto-exploring this place.
 F = Levels seen in this place.
 G = Mean time per level.
                   A        B        C        D        E       F      G
               +--------+--------+--------+--------+--------+-----+--------+
         Total |   5616 |   5283 |    333 |   1885 |   2452 |   5 | 1123.2 |
       Dungeon |   5616 |   5283 |    333 |   1885 |   2452 |   5 | 1123.2 |
               +--------+--------+--------+--------+--------+-----+--------+

Top non-repeatable levels by time:
     D:3: 2042 daAuts
     D:1: 1218 daAuts
     D:4: 1192 daAuts
     D:2: 1011 daAuts
     D:5: 151 daAuts
